 Dungeon Crawl Stone Soup version 0.21-a0-153-g78480df (webtiles) character file.

15 4thArraOfDagon the Sneak (level 2, -2/17 HPs)
             Began as an Octopode Enchanter on Aug 1, 2017.
             Slain by an orc
             ... wielding a +0 falchion
              (6 damage)
             ... on level 3 of the Dungeon.
             The game lasted 00:01:37 (447 turns).

4thArraOfDagon the Sneak (Octopode Enchanter)        Turns: 447, Time: 00:01:38

Health: -2/17      AC:  1    Str:  7    XL:     2   Next: 50%
Magic:  5/5        EV: 13    Int: 17    God:
Gold:   25         SH:  0    Dex: 12    Spells: 2/5 levels left

rFire    . . .     SeeInvis .   g - -1 broad axe (curse)
rCold    . . .     Gourm    .   (no shield)
rNeg     . . .     Faith    .   (helmet restricted)
rPois    .         Spirit   .   (no amulet)
rElec    .         Reflect  .   f - ring of teleportation (curse)
rCorr    .         Harm     .   (no ring)
MR       .....     Rnd*Tele +   (no ring)
Stlth    +++.......             (no ring)
HPRegen  0.05/turn              (no ring)
MPRegen  0.09/turn              (no ring)
                                (no ring)
                                (no ring)

@: no status effects
A: almost no armour, stealthy swim, amphibious, 8 rings, constrict 8, camouflage
1, gelatinous body 1
a: no special abilities


You were on level 3 of the Dungeon.
You were not hungry.

You visited 1 branch of the dungeon, and saw 4 of its levels.

You collected 25 gold pieces.

Inventory:

Hand Weapons
 a - a +1 dagger
 g - a cursed -1 broad axe (weapon)
Jewellery
 f - a cursed ring of teleportation (left tentacle)
Potions
 d - a potion of flight {unknown}
 e - a potion of heal wounds {unknown}
Books
 b - a book of Maledictions

   Spells                             Type                      Level
   a - Corona                         Hexes                        1
   b - Ensorcelled Hibernation        Hexes/Ice                    2
   c - Confuse                        Hexes                        3
   d - Tukima's Dance                 Hexes                        3
   e - Dazzling Spray                 Conjuration/Hexes            3
Comestibles
 c - 2 bread rations
 h - a meat ration


   Skills:
 * Level 2.1 Short Blades
 - Level 2.0 Dodging
 - Level 4.0 Stealth
 - Level 2.0 Spellcasting
 - Level 3.2 Hexes


You had 2 spell levels left.
You knew the following spells:

 Your Spells              Type           Power        Failure   Level  Hunger
a - Corona                Hex            ##.....      5%          1    #......
b - Ensorcelled Hibernat  Hex/Ice        #.....       16%         2    ###....


Dungeon Overview and Level Annotations

Branches:
Dungeon (4/15)
 Temple: D:4-7

Altars:

Annotations:
D:4 Eustachio


Innate Abilities, Weirdness & Mutations

You cannot wear most types of armour.
You are very stealthy in the water. (Stealth+)
You are amphibious.
You can wear up to eight rings at the same time.
You can use your tentacles to constrict eight enemies at once.
Your skin changes colour to match your surroundings (Stealth+).
Your rubbery body absorbs attacks. (AC +1, EV +1)


Message History

Unknown command.
Unknown command.
You see here a gilded ring.
Unknown command.
f - a gilded ring The orc shouts!
Put on which piece of jewellery? (? for menu, Esc to quit)
You feel slightly jumpy.
Oops, that ring feels deathly cold.
f - a cursed ring of teleportation (left tentacle)
You barely miss the orc. You grab the orc.
You constrict the orc, but do no damage.
The orc hits you with a falchion. x2
You hit the orc but do no damage. You squeeze the orc, but do no damage.
You constrict the orc. The orc barely misses you.
You hit the orc but do no damage. You squeeze the orc.
The orc is severely wounded.
You constrict the orc. The orc hits you with a falchion.
* * * LOW HITPOINT WARNING * * *
The orc hits you with a falchion.
You die...

######.........#....#
.........#####.#....#
####.....#####.#....#
#.....##....#....#..
#.....##....#....#.###
#.....##....#....#.#.# .
#.....##....#......#.###.#
#.....##....#o............
#.....##....@............#
#####.#'####...####..........#
..........)'........##+####
......#.####...####.##.#########
..............................>#
#######...........#.##.##.####.#
......######.#..#.##.## #.#
......# ..##.#.##.<# #.##
......# ...##.#.##..# #...


You could see an orc.

Vanquished Creatures
  A dart slug (D:4)
  2 leopard geckos
  An orc (D:3)
  A bat (D:2)
  A giant cockroach (D:3)
  A hobgoblin (D:2)
  A kobold (D:2)
  A frilled lizard (D:2)
9 creatures vanquished.

Notes
Turn   | Place    | Note
-------+----------+-------------------------------------------
     0 | D:1      | 4thArraOfDagon the Octopode Enchanter began the quest for the Orb.
     0 | D:1      | Reached XP level 1. HP: 11/11 MP: 3/3
   274 | D:3      | Reached XP level 2. HP: 17/17 MP: 5/5
   278 | D:3      | Learned a level 2 spell: Ensorcelled Hibernation
   360 | D:4      | Noticed Eustachio
   447 | D:3      | Slain by an orc

Vault maps used:
D:1:      dpeg_arrival_pits, corexii_leaking_fountain
D:2:      minmay_kobold_bridge
D:3:      minitemple, minmay_misc_feat_roman, okawaru_metal_pillars_1_2
D:4:      serial_shops, kennysheep_little_box, grunt_ministairs_9,
          uniq_eustachio

Skill      XL: |  1  2 |
---------------+-------+-----
Short Blades   | 2 |  2.1
Dodging        | |  2.0
Stealth        | |  4.0
Spellcasting   | |  2.0
Hexes          | |  3.2

Action                   || total
-------------------------++-------
Melee: Dagger            ||     9
       Constrict         ||     9
       Tentacles         ||     7
       Broad axe         ||    14
 Cast: Corona            ||     4
       Ensorcelled Hiber ||     2
  Use: Scroll            ||     2
 Stab: Sleeping          ||     3
Armor: Skin              ||     4
Dodge: Dodged            ||    15
